 Dungeon Crawl Stone Soup version 0.30-a0-924-g0ad0bf95bc (webtiles) character file.

Game seed: 1710092484933208177

22 GloriousHammer the Trooper (level 2, -2/33 HPs)
             Began as an Ogre Cinder Acolyte on Mar 22, 2023.
             Was a High Priest of Ignis.
             Asphyxiated
             ... on level 2 of the Dungeon.
             The game lasted 00:01:34 (1618 turns).

GloriousHammer the Trooper (Ogre Cinder Acolyte)    Turns: 1618, Time: 00:01:34

Health: -2/33      AC: 10    Str: 17    XL:     2   Next: 91%
Magic:  1/4        EV:  9    Int: 15    God:    Ignis [*****.]
Gold:   130        SH:  0    Dex:  4    Spells: 2/4 levels left

rFire   + . .      SeeInvis .    a - -1 mace (flame)
rCold   . . .      Faith    .    (no shield)
rNeg    . . .      Spirit   .    b - +0 robe
rPois   .          Reflect  .    (helmet restricted)
rElec   .          Rampage  .    (no cloak)
rCorr   .                        (gloves unavailable)
Will    .....                    (boots unavailable)
Stlth   +                        (no amulet)
HPRegen 0.25/turn                (no ring)
MPRegen 0.09/turn                (no ring)

@: lethally poisoned (-2 -> -14), fiery-armoured
A: large, unfitting armour, tough skin 1
a: Renounce Religion, Fiery Armour, Foxfire Swarm, Rising Flame


You were on level 2 of the Dungeon.
You worshipped Ignis.
Ignis was extremely pleased with you.
You visited 1 branch of the dungeon, and saw 2 of its levels.

You collected 130 gold pieces.

Inventory:

Hand Weapons
 a - a -1 mace of flaming (weapon)
Missiles
 e - 6 stones (quivered)
Armour
 b - a +0 robe (worn)
Scrolls
 c - a scroll of identify {unknown}
 j - a scroll of poison {unknown}
 k - a scroll of blinking {unknown}
Potions
 d - a potion of cancellation {unknown}
 f - a potion of haste {unknown}
 g - a potion of degeneration {unknown}
 h - a potion of attraction {unknown}
 i - a potion of heal wounds {unknown}


   Skills:
 + Level 4.4 Fighting
 + Level 2.9 Maces & Flails
 + Level 1.8 Spellcasting
 + Level 2.9 Fire Magic


You had 2 spell levels left.
You knew the following spells:

 Your Spells              Type           Power      Damage    Failure   Level
a - Scorch                Fire           20%        2d6       10%         2

Your spell library contained the following spells:

 Spells                   Type           Power      Damage    Failure   Level
 Dazzling Flash           Conj/Hex       2%         N/A       56%         3
 Gell's Gravitas          Tloc           1%         N/A       56%         3
 Teleport Other           Tloc           1%         N/A       56%         3
 Iskenderun's Mystic Bla  Conj/Tloc      1%         2d3       92%         4
 Dispersal                Tloc           0%         N/A       100%        6
 Starburst                Conj/Fire      2%         6d3       100%        6


Dungeon Overview and Level Annotations

Branches:
Dungeon (2/15)

Altars:


Innate Abilities, Weirdness & Mutations

You are too large for most types of armour.
You have tough skin. (AC +1)


Message History

You pick up a There-And-Back Book and begin reading...
You add the spells Gell's Gravitas, Teleport Other and Dispersal to your library.
You start resting.
Magic restored.
You start waiting.
Done waiting.
You open the door.
Found a stone staircase leading down.
Found a stone staircase leading down.
You now have 130 gold pieces (gained 8).
i - a metallic green potion
j - a scroll labelled ELANAAKKEZ
k - a scroll labelled ZUTEUNUIRI
There is an open door here.
Found a stone staircase leading up.
A goblin comes into view. It is wielding a +0 club.
The goblin shouts!
A goblin is nearby!
Casting: Scorch (safe; 11% risk of failure)
Confirm with . or Enter, or press ? or * to list all spells.
Flames lash the goblin.
The goblin is severely wounded.
The goblin's fire resistance burns away.
You sock the goblin! You burn the goblin.
You kill the goblin!
Found a club.
Things that are here:
a +0 club; a goblin corpse Magic restored.
Found a stone staircase leading down.
You see here a +1 hand axe of holy wrath.
A kobold comes into view. It is wielding a +0 short sword.
The kobold shouts!
The kobold moves out of view.
A gnoll comes into view. It is wielding a +0 whip.
The gnoll shouts!
The gnoll moves out of view.
A kobold is nearby!
The kobold throws a stone.
The stone barely misses you.
A gnoll comes into view. It is wielding a +0 spear.
Casting: Scorch (safe; 10% risk of failure)
Confirm with . or Enter, or press ? or * to list all spells.
Flames lash the kobold.
The kobold is heavily wounded.
The kobold's fire resistance burns away.
The gnoll shouts!
A gnoll comes into view. It is wielding a +0 mace.
The kobold closely misses you.
Casting: Scorch (safe; 10% risk of failure)
Confirm with . or Enter, or press ? or * to list all spells.
Flames lash the gnoll.
The gnoll is moderately wounded.
The gnoll's fire resistance burns away.
The kobold hits you with a +0 short sword.
The gnoll hits you with a +0 whip. The gnoll attacks as you move away!
The gnoll hits you with a +0 whip.
The kobold is no longer more vulnerable to fire.
The kobold hits you with a +0 short sword.
A gnoll comes into view.
It is wielding a +0 whip and quivering curare-tipped darts.
You closely miss the kobold.
The kobold is heavily wounded.
The gnoll hits you with a +0 whip. The kobold closely misses you.
The gnoll is no longer more vulnerable to fire.
The kobold throws a stone.
The stone completely misses you.
A protective cloak of flame settles atop you.
The gnoll hits you but does no damage.
The gnoll is burned by your cloak of flames.
The gnoll is moderately wounded.
The gnoll hits you from afar with a +0 spear!
You closely miss the gnoll.
The gnoll is moderately wounded.
The gnoll hits you from afar with a +0 spear.
The kobold hits you but does no damage.
The kobold is burned by your cloak of flames.
You kill the kobold!
The gnoll closely misses you. The gnoll hits you but does no damage.
The gnoll is burned by your cloak of flames.
The gnoll is heavily wounded.
The gnoll hits you from afar with a +0 spear.
* * * LOW HITPOINT WARNING * * *
Things that are here:
a +0 short sword; 3 stones; a kobold corpse The gnoll attacks as you move away!
The gnoll hits you but does no damage.
The gnoll is burned by your cloak of flames.
The gnoll is almost dead.
Casting: Scorch (safe; 10% risk of failure)
Confirm with . or Enter, or press ? or * to list all spells.
You don't have enough magic to cast this spell.
Casting: Scorch (safe; 10% risk of failure)
Confirm with . or Enter, or press ? or * to list all spells.
You don't have enough magic to cast this spell.
Unknown command.
You hit the gnoll. You burn the gnoll.
You kill the gnoll!
The gnoll hits you from afar with a +0 spear.
* * * LOW HITPOINT WARNING * * *
The gnoll throws a curare-tipped dart.
The curare-tipped dart hits you.
You are lethally poisoned!
You have difficulty breathing.
You die...

..............#.#
..♣.♣..###....#.#
.♣......##....#.#####
..♣.................+
.♣.♣...###..#...#####
........#...#....##..
........#.. #.#..##.#
##......... #.#..##.#
#.....)#.. ..#.@g#.#
#)#........###.#)g.#
#.#.####.#' #.##g.#
#.#.. . #.##..#
#.#.## #. #....
##.#.# #. ##.#..
...#.# #. #.##.#
####.# #. #.# .# #.#
#


You could see 3 gnolls.

Vanquished Creatures
  A gnoll (D:2)
  A giant cockroach (D:1)
  A goblin (D:2)
  2 hobgoblins
  4 jackals (D:1)
  2 quokkas (D:1)
  3 ball pythons (D:1)
  A bat (D:1)
  A frilled lizard (D:1)
  2 kobolds
  3 rats (D:1)
21 creatures vanquished.

Notes
Turn   | Place    | Note
-------+----------+-------------------------------------------
     0 | D:1      | GloriousHammer the Ogre Cinder Acolyte began the quest for
                  | the Orb.
     0 | D:1      | Reached XP level 1. HP: 24/24 MP: 2/2
   263 | D:1      | Reached XP level 2. HP: 23/32 MP: 2/4
   266 | D:1      | Learned a level 2 spell: Scorch
  1618 | D:2      | Asphyxiated

Illustrated notes

Levels and vault maps discovered:
D:1:      tarquinn_simple_flora_water_b, layout_basic
D:2:      layout_basic, chequers_garden

Action                     || total
---------------------------++-------
  Melee: Mace              ||    44
   Cast: Scorch            ||    12
 Invoke: Fiery Armour      ||     1
 Armour: Robe              ||    18
  Dodge: Dodged            ||    36

Table legend: (Time is in decaauts)
 A = Elapsed time spent in this place.
 B = Non-inter-level travel time spent in this place.
 C = Inter-level travel time spent in this place.
 D = Time resting spent in this place.
 E = Time spent auto-exploring this place.
 F = Levels seen in this place.
 G = Mean time per level.
                   A        B        C        D        E       F      G
               +--------+--------+--------+--------+--------+-----+--------+
         Total |   1628 |   1580 |     48 |    163 |   1257 |   2 |  814.0 |
       Dungeon |   1628 |   1580 |     48 |    163 |   1257 |   2 |  814.0 |
               +--------+--------+--------+--------+--------+-----+--------+

Top non-repeatable levels by time:
     D:1: 1053 daAuts
     D:2: 575 daAuts
